 Dungeon Crawl Stone Soup version 0.32-a0-468-g38b2580584 (webtiles) character file.

Game seed: 8776868771236480186

130 CougarLife the Digger (level 5, -2/28 HPs)
             Began as a Gargoyle Earth Elementalist on Feb 25, 2024.
             Killed by divine providence
             ... invoked by an orc priest
              (16 damage)
             ... on level 3 of the Dungeon.
             The game lasted 00:02:27 (2863 turns).

CougarLife the Digger (Gargoyle Earth Elementalist) Turns: 2863, Time: 00:02:28

Health: -2/28      AC:  7    Str: 12    XL:     5   Next: 13%
Magic:  9/9        EV: 26    Int: 17    God:
Gold:   303        SH:  0    Dex: 10    Spells: 9/10 levels left

rFire   . . .        q - +2 dagger (protect)
rCold   . . .        (no shield)
rNeg    + . .        a - +0 robe
rPois   ∞            (no helmet)
rElec   +            (no cloak)
rCorr   .            k - +0 pair of gloves
SInv    .            (no boots)
Will    .....        c - amulet of the acrobat
Stlth   +            (no ring)
HPRegen 0.24/turn    (no ring)
MPRegen 0.11/turn

%: acrobat
@: confused, acrobatic
A: sickness immunity, AC +4, negative energy resistance 1, electricity
resistance, torment resistance 1, petrification resistance
a: Convert to Beogh


You were on level 3 of the Dungeon.
You visited 1 branch of the dungeon, and saw 4 of its levels.

You collected 303 gold pieces.

Inventory:

Hand Weapons
 q - a +2 dagger of protection (weapon)
Armour
 a - a +0 robe (worn)
 k - a +0 pair of gloves (worn)
Jewellery
 c - an amulet of the acrobat (around neck)
Scrolls
 d - a scroll of silence {unknown}
 e - 4 scrolls of teleportation {unknown}
 f - a scroll of poison {unknown}
 j - 2 scrolls of enchant weapon {unknown}
 l - a scroll of fog {unknown}
 m - 2 scrolls of revelation {unknown}
 n - a scroll of vulnerability {unknown}
 o - a scroll of identify {unknown}
 p - a scroll of fear {unknown}
Potions
 b - 2 potions of magic
 g - a potion of might {unknown}
 h - a potion of heal wounds {unknown}
 i - 2 potions of invisibility {unknown}


   Skills:
 - Level 1.5 Dodging
 - Level 2.1 Stealth
 + Level 3.2 Spellcasting
 + Level 3.0 Conjurations
 + Level 4.9 Earth Magic


You had 9 spell levels left.
You knew the following spells:

 Your Spells              Type           Power      Damage    Failure   Level
a - Sandblast             Erth           38%        2d10      2%          1

Your spell library contained the following spells:

 Spells                   Type           Power      Damage    Failure   Level
 Passwall                 Erth           19%        N/A       7%          3
 Sting                    Conj/Alch      28%        1d4       10%         1
 Stone Arrow              Conj/Erth      32%        3d9       10%         3
 Mercury Vapours          Alch/Air       4%         N/A       26%         2
 Brom's Barrelling Bould  Conj/Erth      16%        2d4       32%         4
 Petrify                  Alch/Erth      11%        N/A       52%         4
 Olgreb's Toxic Radiance  Alch           2%         N/A       86%         4
 Borgnjor's Vile Clutch   Necr/Erth      5%         N/A       86%         5
 Alistair's Intoxication  Alch           1%         N/A       99%         5
 Eringya's Noxious Bog    Alch           1%         4d6       100%        6


Dungeon Overview and Level Annotations

Branches:
Dungeon (4/15)
 Temple: D:4-7

Altars:
Ru
Trog
Yredelemnul

Shops:
D:3 :


Innate Abilities, Weirdness & Mutations

You are immune to sickness and miasma.
Your stone body is resilient. (AC +4)
You are immune to poison.
You resist negative energy. (rN+)
You are resistant to electric shocks. (rElec)
You are resistant to unholy torment.
You are immune to petrification.


Message History

Confirm with . or Enter, or press ? or * to list all spells.
Aiming: Sandblast (safe; 2% risk of failure)
Press: ? - help, Shift-Dir - straight line, f/p - goblin
Aim: a goblin, wielding a +1 dagger of protection (severely wounded, 77% to hit)
The blast of sand hits the goblin but does no damage.
The goblin is severely wounded.
The orc wizard hits you but does no damage.
The goblin barely misses you.
The orc priest hits you with a +0 short sword.
Casting: Sandblast (safe; 2% risk of failure)
Confirm with . or Enter, or press ? or * to list all spells.
Aiming: Sandblast (safe; 2% risk of failure)
Press: ? - help, Shift-Dir - straight line, f/p - goblin
Aim: a goblin, wielding a +1 dagger of protection (severely wounded, 77% to hit)
The blast of sand hits the goblin but does no damage.
The goblin is severely wounded.
The orc wizard closely misses you.
The orc priest hits you but does no damage.
The goblin hits you but does no damage. The goblin closely misses you.
The orc priest hits you with a +0 short sword.
The orc wizard points at you and mumbles some strange words.
The magic dart hits you.
Your magical contamination has completely faded away.
The orc priest shouts, "The Pantheon deserves no one's loyalty.
Let us show you the true path!" (press Y on the ability menu to convert to Beogh)
The orc priest hits you but does no damage.
The orc wizard gestures at you while chanting.
You are confused.
The goblin hits you but does no damage.
You climb upwards.
There is a stone staircase leading down here.
Magic courses through your body. The orc wizard closely misses you.
The orc priest hits you but does no damage.
The goblin hits you but does no damage.
You're too confused to cast spells.
The orc wizard closely misses you.
The orc priest invokes the aid of Beogh against you.
Beogh smites you!
Ouch! That really hurt!
You die...

#..######..# ####.
#..#≈≈≈≈#)## #####....
#..#≈>⌠≈#÷# ###.....###
#..#≈_.≈#.####...#####
#..'≈≈≈≈#.##...###
#..######....###########
#.........#### #......#
########o.g# #.......
#.......@>## #..)...#
#.#######o# #....... #.#
#.# #....... #.# #.###
#....... #.# #...#
#....... #.# ###.#
#....... #.####### #.##
####.'#. #.......###..##
#....... ####..........#
#.##.∩..


You could see an orc priest, an orc wizard and a goblin.

Vanquished Creatures
  An orc wizard (D:3)
  2 adders
  5 orcs
  3 endoplasms
  5 giant cockroaches
  7 goblins
  10 hobgoblins
  6 jackals
  5 kobolds
  9 quokkas
  6 ball pythons
  4 bats
  5 frilled lizards
  6 rats
74 creatures vanquished.

Notes
Turn   | Place    | Note
-------+----------+-------------------------------------------
     0 | D:1      | CougarLife the Gargoyle Earth Elementalist began the quest
                  | for the Orb.
     0 | D:1      | Reached XP level 1. HP: 10/10 MP: 3/3
   109 | D:1      | Reached XP level 2. HP: 15/15 MP: 0/5
   464 | D:1      | Reached skill level 4 in Earth Magic
   729 | D:1      | Reached XP level 3. HP: 19/19 MP: 4/6
  1163 | D:2      | Found a basalt altar of Yredelemnul.
  1514 | D:2      | Reached XP level 4. HP: 24/24 MP: 4/8
  1637 | D:3      | Found a bloodstained altar of Trog.
  2330 | D:3      | Found a sacrificial altar of Ru.
  2398 | D:3      | Found Farask's Book Shoppe.
  2440 | D:3      | Reached XP level 5. HP: 28/28 MP: 7/9
  2863 | D:3      | Killed from afar by an orc priest

Illustrated notes

Levels and vault maps discovered:
D:1:      noname_arrival_rooms_in_the_neighbourhood, layout_rooms, hex_tiny,
          minmay_hexomino_c4
D:2:      layout_rooms, basic_altar
D:3:      layout_basic, trog_butcher_becter, general_overflow_altar,
          serial_shops, shop_coins
D:4:      layout_basic, kennysheep_mini, nicolae_uskayaw_en_pointe,
          enter_ossuary_4, uniq_grinder

Skill      XL: |  1  2  3  4 |
---------------+-------------+-----
Earth Magic    | 4 |  4.9
Conjurations   | 2 3 |  3.0
Spellcasting   | 3 |  3.2
Dodging        | |  1.5
Stealth        | |  2.1

Action                     |  1- 3 |  4- 6 || total
---------------------------+-------+-------++-------
  Melee: Unarmed           |    18 |     5 ||    23
         Dagger            |       |     6 ||     6
   Cast: Sandblast         |    63 |    52 ||   115
    Use: Potion            |       |     1 ||     1
 Armour: Robe              |    25 |    37 ||    62
  Dodge: Dodged            |    37 |    27 ||    64

Table legend: (Time is in decaauts)
 A = Elapsed time spent in this place.
 B = Non-inter-level travel time spent in this place.
 C = Inter-level travel time spent in this place.
 D = Time resting spent in this place.
 E = Time spent auto-exploring this place.
 F = Levels seen in this place.
 G = Mean time per level.
                   A        B        C        D        E       F      G
               +--------+--------+--------+--------+--------+-----+--------+
         Total |   2921 |   2847 |     74 |    128 |   2255 |   4 |  730.2 |
       Dungeon |   2921 |   2847 |     74 |    128 |   2255 |   4 |  730.2 |
               +--------+--------+--------+--------+--------+-----+--------+

Top non-repeatable levels by time:
     D:3: 1246 daAuts
     D:1: 841 daAuts
     D:2: 813 daAuts
     D:4: 19 daAuts
